 Dungeon Crawl Stone Soup version 0.21-a0-42-gb537e02 (webtiles) character file.

90 roguesci the Insei (level 4, -2/23 HPs)
             Began as a Vine Stalker Transmuter on June 5, 2017.
             Slain by Sigmund
             ... wielding a +0 scythe
              (6 damage)
             ... on level 2 of the Dungeon.
             The game lasted 00:11:08 (2726 turns).

roguesci the Insei (Vine Stalker Transmuter)        Turns: 2726, Time: 00:11:08

Health: -2/23      AC:  3    Str: 13    XL:     4   Next: 56%
Magic:  0/8        EV: 12    Int: 14    God:
Gold:   137        SH:  0    Dex: 14    Spells: 4/8 levels left

rFire    . . .     SeeInvis .     - Unarmed
rCold    . . .     Gourm    .   (no shield)
rNeg     . . .     Faith    .   b - +0 robe
rPois    .         Spirit   +   n - +0 helmet
rElec    .         Reflect  .   (no cloak)
rCorr    .         Harm     .   (no gloves)
MR       .....                  (no boots)
Stlth    +.........             (no amulet)
Regen    0.5/turn               (no ring)
MPRegen  0.2/turn               (no ring)

@: no status effects
A: fangs 2, regeneration 1, magic shield, antimagic bite, no potion heal 3, rot
immunity
a: no special abilities


You were on level 2 of the Dungeon.
You were hungry.

You visited 1 branch of the dungeon, and saw 2 of its levels.

You collected 137 gold pieces.

Inventory:

Missiles
 a - 28 arrows
 l - 135 stones (quivered)
Armour
 b - a +0 robe (worn)
 n - a +0 helmet (worn)
Jewellery
 t - an uncursed amulet of regeneration {unknown}
Scrolls
 e - 3 scrolls of remove curse {unknown}
 g - 3 scrolls of identify {unknown}
 p - a scroll of teleportation {unknown}
 r - a scroll of noise {unknown}
 s - a scroll of enchant weapon {unknown}
Books
 c - a book of Changes

   Spells                             Type                      Level
   a - Beastly Appendage              Transmutation                1
   b - Sticks to Snakes               Transmutation                2
   c - Spider Form                    Transmutation/Poison         3
   d - Ice Form                       Ice/Transmutation            4
   e - Blade Hands                    Transmutation                5
 q - a book of Maledictions

   Spells                             Type                      Level
   a - Corona                         Hexes                        1
   b - Ensorcelled Hibernation        Hexes/Ice                    2
   c - Confuse                        Hexes                        3
   d - Tukima's Dance                 Hexes                        3
   e - Dazzling Spray                 Conjuration/Hexes            3
Comestibles
 d - 3 bread rations
 f - a fruit
 i - a meat ration
 m - 2 chunks of flesh
 o - a royal jelly


   Skills:
 * Level 1.6 Fighting
 * Level 2.1 Dodging
 + Level 3.5 Unarmed Combat
 + Level 2.5 Spellcasting
 * Level 2.6 Transmutations
 * Level 1.3 Poison Magic


You had 4 spell levels left.
You knew the following spells:

 Your Spells              Type           Power        Failure   Level  Hunger
a - Beastly Appendage     Tmut           #.....       8%          1    #......
b - Spider Form           Tmut/Pois      #.........   30%         3    ###....


Dungeon Overview and Level Annotations

Branches:
Dungeon (2/15)

Altars:
Ashenzari

Annotations:
D:2 Sigmund


Innate Abilities, Weirdness & Mutations

You have extremely sharp teeth.
Your natural rate of healing is unusually fast.
When hurt, damage is shared between your health and your magic reserves.
Your bite disrupts and absorbs the magic of your enemies.
Potions cannot restore your health.
You are immune to rotting.


Message History

Sigmund barely misses you.
It was a potion of magic.
Magic courses through your body.
Your transformation has ended.
Your +0 helmet unmelds from your body.
Your +0 robe unmelds from your body.
Sigmund gestures at you while chanting. The puff of flame misses you.
Sigmund points at you and mumbles some strange words.
The puff of flame hits you!
* * * LOW HITPOINT WARNING * * *
It was a potion of ambrosia.
You are confused.
Your system rejects the healing.
You feel invigorated. Sigmund hits you with a scythe.
* * * LOW HITPOINT WARNING * * *
Sigmund completely misses you. Sigmund barely misses you.
You bump into the rock wall.
You feel less invigorated.
You feel less confused. Sigmund hits you with a scythe!
You die...

#......# #.......
######.# #.###### #.#
#.# #.# ### #.#
#.####### #.#
####.......# #.#
#.########@# #.#
#####........@.# #.#
#.......######## #.#
#...#...# #.#
#..#.#..# #.#
#.#._.#.# #.#
#..#.#..###########.#
#...#....)..........#
#........############
####.....#


You could see Sigmund.

Vanquished Creatures
  Robin (D:2)
  2 adders (D:2)
  3 worms (D:2)
  A dart slug (D:1)
  3 leopard geckos
  A ball python (D:1)
  A giant cockroach (D:2)
  14 goblins
  3 hobgoblins (D:1)
  4 jackals (D:1)
  A quokka (D:2)
  5 bats
  2 frilled lizards (D:1)
  2 kobolds
  A rat (D:1)
44 creatures vanquished.

Notes
Turn   | Place    | Note
-------+----------+-------------------------------------------
     0 | D:1      | roguesci the Vine Stalker Transmuter began the quest for the Orb.
     0 | D:1      | Reached XP level 1. HP: 9/9 MP: 4/4
   145 | D:1      | Reached skill level 1 in Fighting
   743 | D:1      | Reached XP level 2. HP: 2/14 MP: 0/6
  1511 | D:1      | Reached XP level 3. HP: 9/18 MP: 3/7
  1683 | D:1      | Learned a level 3 spell: Spider Form
  1859 | D:2      | Noticed Robin
  2144 | D:2      | Killed Robin
  2144 | D:2      | Gained mutation: Your natural rate of healing is unusually fast. [Vine Stalker growth]
  2144 | D:2      | Reached XP level 4. HP: 18/22 MP: 4/8
  2212 | D:2      | Reached skill level 1 in Poison Magic
  2368 | D:2      | Found a shattered altar of Ashenzari.
  2676 | D:2      | Found a faded altar of an unknown god.
  2710 | D:2      | Noticed Sigmund
  2726 | D:2      | Slain by Sigmund

Vault maps used:
D:1:      dpeg_arrival_orchard, roderic_lattice_a
D:2:      nicolae_overflow_crystal_walls, marbit_many_paths,
          chequers_ecumenical_altar_simple_redux, uniq_sigmund, uniq_robin

Skill      XL: |  1  2  3  4 |
---------------+-------------+-----
Fighting       | 1 |  1.6
Poison Magic   | 1 |  1.3
Dodging        | 2 |  2.1
Unarmed Combat | |  3.5
Spellcasting   | |  2.5
Transmutations | |  2.6

Action                   |  1- 3 |  4- 6 || total
-------------------------+-------+-------++-------
Melee: Unarmed           |   108 |    36 ||   144
       Kick              |    10 |       ||    10
       Bite              |    10 |     3 ||    13
       Headbutt          |     2 |       ||     2
       Punch             |     1 |       ||     1
 Cast: Beastly Appendage |    13 |       ||    13
       Spider Form       |     3 |     5 ||     8
  Use: Potion            |       |     3 ||     3
 Stab: Sleeping          |       |     1 ||     1
  Eat: Chunk             |     3 |     2 ||     5
       Fruit             |     2 |       ||     2
Armor: Robe              |    12 |    10 ||    22
Dodge: Dodged            |    65 |    36 ||   101
